AoeStats
← 散步黑鵝

MegaRandom

507769113Analyzed
4v4 RM · 13d ago on Sep 19, 2026· 26m 25s· 8 players
Game mode
Random Map
Map size
Large (8 player)
Population
200
Speed
Normal
Resources
Standard
Victory
Conquest
Starting age
Dark Age
Ending age
Imperial Age
RankedLock teamsTeams togetherTeam positionsShared explorationLock speedFull tech treeHidden civsTurbo modeCheats
Victory
Defeat
🇹🇼 Shu · Taiwan
2050
+4
🇹🇼 Hindustanis · Taiwan
1838
+10
🇬🇧 Jurchens · United Kingdom
1754
+14
🇹🇼 Lithuanians · Taiwan
1643
+36
🇧🇬 Franks · Bulgaria
1826
-16
🇻🇳 Chinese · Vietnam
1754
-13
🇨🇳 Sicilians · China
1649
-9
🇯🇴 Georgians · Jordan
1617
-8
Zni.Locuss
0:28 Loom
9:38 Feudal Age
10:15 Double-Bit Axe
17:08 Scale Barding Armor
CAPTAINKILL
9:53 Feudal Age
10:28 Loom
12:06 Double-Bit Axe
12:28 Fletching
13:39 Padded Archer Armor
23:52 Wheelbarrow
27:16 Castle Age
脏丶辫
0:30 Loom
9:31 Feudal Age
10:16 Double-Bit Axe
18:45 Wheelbarrow
23:03 Castle Age
22:28 Bloodlines
22:24 Scale Barding Armor
22:30 Forging
22:09 Horse Collar
23:25 Gold Mining
24:07 Chain Barding Armor
81danchoi
0:28 Loom
9:21 Feudal Age
10:12 Double-Bit Axe
10:08 Horse Collar
16:38 Scale Barding Armor
20:35 Bloodlines
23:15 Forging
P50
0:31 Loom
8:37 Feudal Age
16:07 Fletching
16:39 Double-Bit Axe
20:55 Scale Mail Armor
21:55 Town Watch
25:42 Castle Age
23:49 Horse Collar
24:19 Gold Mining
25:44 Crossbowman
26:35 Bow Saw
26:23 Bodkin Arrow
小蜜蜂
0:34 Loom
8:38 Feudal Age
9:05 Double-Bit Axe
9:36 Horse Collar
16:10 Bloodlines
17:00 Scale Barding Armor
26:45 Forging
28:59 Castle Age
Nezzar
0:32 Loom
8:51 Feudal Age
9:33 Double-Bit Axe
13:00 Horse Collar
16:01 Scale Barding Armor
16:54 Bloodlines
20:01 Wheelbarrow
24:32 Castle Age
22:57 Gold Mining
24:33 Light Cavalry
25:13 Husbandry
25:38 Chain Barding Armor
散步黑鵝
0:32 Loom
11:34 Feudal Age
12:05 Double-Bit Axe
13:48 Fletching
24:11 Castle Age
22:42 Gold Mining
22:58 Horse Collar
24:49 Bodkin Arrow
24:16 Crossbowman
25:23 Bow Saw
25:54 Padded Archer Armor
26:38 Ballistics
Connection lost

Rejoining the realm…

Still unreachable

The connection could not be restored.

Session expired

The server has moved on; the page needs a fresh start.